 Dungeon Crawl Stone Soup version 0.28-a0-1493-g08698888e4 (webtiles) character file.

Game seed: 7745391712456418182

2316 croobank the Skirmisher (level 9, 0/74 HPs)
             Began as a Black Draconian Transmuter on Jan 12, 2022.
             Slain by Maggie (7 damage)
             ... on level 6 of the Dungeon.
             The game lasted 00:35:41 (8296 turns).

croobank the Skirmisher (DrTm)                      Turns: 8296, Time: 00:35:41

Health: 0/74       AC:  9    Str: 14    XL:     9   Next: 18%
Magic:  11/16      EV: 13    Int: 15    God:
Gold:   97         SH:  0    Dex: 13    Spells: 8/17 levels left

rFire   . . .      SeeInvis .   a - +4 trident
rCold   . . .      Faith    .   (no shield)
rNeg    + . .      Spirit   .   (armour unavailable)
rPois   .          Reflect  .   (helmet currently unavailable)
rElec   +          Harm     .   p - +1 cloak {rCorr}
rCorr   +          Rampage  .   (no gloves)
Will    .....                   (boots currently unavailable)
Stlth   +.........              (no amulet)
HPRegen 0.22/turn               v - ring of positive energy
MPRegen 0.15/turn               (no ring)

@: mighty, appendages (expiring), wereblooded (expiring), mesmerised, invisible
A: horns 2, talons 2, breathe lightning, AC +7, unfitting armour, electricity
resistance, cold-blooded
a: Breathe Lightning, End Transformation


You were on level 6 of the Dungeon.
You had temporarily grown beastly horns and talons.
You visited 1 branch of the dungeon, and saw 6 of its levels.
You also visited: Ossuary.

You collected 269 gold pieces.
You spent 172 gold pieces at shops.

Inventory:

Hand Weapons
 a - a +4 trident (weapon)
 b - a +0 hunting sling
 c - a +0 scythe
 n - a +0 mace of holy wrath
 u - a +0 short sword
 y - a +0 antimagic whip
 H - a +0 broad axe
Missiles
 e - 10 poisoned darts (quivered)
 x - 238 stones
 C - 20 bolts
 E - 14 sling bullets
Armour
 f - a +2 pair of boots (melded)
 p - a +1 cloak of preservation (worn)
Magical Staves
 h - a staff of death
Jewellery
 l - a ring of ice
 o - an amulet of faith
 v - a ring of positive energy (left hand)
 A - a ring of protection from fire
 G - a ring of flight
Wands
 j - a wand of mindburst (17)
 m - a wand of iceblast (9)
Scrolls
 g - a scroll of immolation
 r - a scroll of fog
 t - a scroll of teleportation
 w - a scroll of silence
 B - a scroll of blinking {unknown}
 D - a scroll of brand weapon {unknown}
Potions
 k - a potion of haste
 s - a potion of lignification {unknown}
 z - a potion of flight {unknown}
 F - a potion of berserk rage {unknown}


   Skills:
 + Level 5.1 Fighting
 - Level 3.2 Short Blades
 + Level 2.8 Polearms
 + Level 4.6 Dodging
 - Level 3.0 Unarmed Combat
 + Level 4.7 Spellcasting
 + Level 3.8 Hexes
 + Level 5.0 Transmutations
 + Level 4.1 Ice Magic


You had 8 spell levels left.
You knew the following spells:

 Your Spells              Type           Power      Damage    Failure   Level
a - Beastly Appendage     Tmut           36%        N/A       2%          1
b - Wereblood             Tmut           18%        N/A       3%          2
c - Ensorcelled Hibernat  Hex/Ice        30%        N/A       4%          2
d - Slow                  Hex            60%        N/A       3%          1
e - Confusing Touch       Hex            15%        N/A       11%         3

Your spell library contained the following spells:

 Spells                   Type           Power      Damage    Failure   Level
 Ozocubu's Armour         Ice            16%        N/A       9%          3
 Spider Form              Tmut/Pois      11%        N/A       19%         3
 Ice Form                 Ice/Tmut       17%        N/A       26%         4
 Vampiric Draining        Necr           3%         2d6       45%         3
 Anguish                  Hex/Necr       4%         N/A       58%         4
 Ozocubu's Refrigeration  Ice            8%         4d6       100%        7


Dungeon Overview and Level Annotations

Branches:
Dungeon (6/15)            Ossuary (visited)
 Temple: D:4-7

Altars:
Cheibriados
Fedhas
Kikubaaqudgha
Nemelex Xobeh
Sif Muna

Shops:
D:4 [

Annotations:
D:3 1 runed translucent door, a3don's ghost, amateur NaIE
D:6 Dowan; Maggie


Innate Abilities, Weirdness & Mutations

You have temporarily grown beastly horns and talons.
You can breathe wild blasts of lightning.
Your glossy black scales are hard. (AC +7)
You cannot fit into any form of body armour.
You are resistant to electric shocks. (rElec)
You are cold-blooded and may be slowed by cold attacks.


Message History

Aim: Duvessa, wielding a +0 short sword and wearing a +0 leather armour (lightly wounded, chance to affect: 36%)
Okay, then.
You feel very mighty all of a sudden. Duvessa barely misses you.
Maggie mumbles some strange words.
Maggie attempts to bespell you! You resist.
Dowan says, "Stay away from my face!"
You hit Duvessa. You headbutt Duvessa.
Duvessa is moderately wounded.
Your transformation is almost over.
Duvessa hits you with a +0 short sword!
Maggie gestures wildly while chanting.
Maggie attempts to bespell you!
You are mesmerised by Maggie!
Duvessa hits you with a +0 short sword. Maggie hits you but does no damage.
You convulse.
You barely miss Duvessa. You claw Duvessa. You headbutt Duvessa!
You tail-slap Duvessa.
Duvessa is severely wounded.
You howl as the wereblood boils in your veins!
Your primal bloodlust is almost over.
Duvessa hits you with a +0 short sword.
* * * LOW HITPOINT WARNING * * *
Maggie hits you from afar with the +9 lance "Wyrmbane" {slay drac, rPois rF+ rC+ AC+3}.
* * * LOW HITPOINT WARNING * * *
You convulse.
* * * LOW HITPOINT WARNING * * *
You barely miss Duvessa. You claw Duvessa. You headbutt Duvessa.
You feel a bit better.
You kill Duvessa!
Dowan seems overcome with grief.
Dowan seems to find hidden reserves of power!
Dowan says, "Her death will not be in vain!"
Maggie closely misses you.
Your Transmutations skill increases to level 5!
You fade into invisibility!
Maggie hits you from afar with the +9 lance "Wyrmbane" {slay drac, rPois rF+ rC+ AC+3}.
* * * LOW HITPOINT WARNING * * *
You convulse!
You die...

#.......Z..
#.....# #.# #.#
#.# #e# ### #@#
... #)# ..# #@#
#.# #.# #.#
#####.#
#.##########.....#
...........#.#####
..########.#.#
..## #.#.# .#.###
#.#.# ###..# #.#.#


You could see Maggie (mesmerising) and Dowan (fast).

Vanquished Creatures
  Grinder (D:5)
  Sigmund (D:2)
  Duvessa (D:6)
  An orc warrior (D:5)
  A sky beast (D:6)
  2 ogres (D:6)
  A centaur (D:5)
  2 phantoms
  A kobold brigand (D:6)
  A scorpion (D:6)
  9 water moccasin zombies (Ossuary)
  2 howler monkeys (D:6)
  2 centaur zombies (D:6)
  5 orc priests
  A scorpion zombie (D:5)
  An iguana (D:5)
  3 orc wizards
  2 mummies (Ossuary)
  6 adders
  A white imp (D:6)
  5 adder zombies (Ossuary)
  3 worms
  2 dart slugs
  20 orcs
  8 endoplasms
  3 giant cockroaches
  5 gnoll zombies (Ossuary)
  4 goblins
  9 hobgoblins
  2 jackals (D:1)
  A quokka (D:1)
  12 ball pythons
  2 bats
  A frilled lizard (D:3)
  4 hobgoblin zombies (Ossuary)
  15 kobolds
  7 kobold zombies (Ossuary)
  2 orc zombies (Ossuary)
  4 rats
153 creatures vanquished.

Vanquished Creatures (others)
  A shadow imp (D:6)
1 creature vanquished.

Grand Total: 154 creatures vanquished

Notes
Turn   | Place    | Note
-------+----------+-------------------------------------------
     0 | D:1      | croobank the Draconian Transmuter began the quest for the
                  | Orb.
     0 | D:1      | Reached XP level 1. HP: 16/16 MP: 3/3
   239 | D:1      | Reached XP level 2. HP: 18/23 MP: 3/5
   342 | D:1      | Learned a level 2 spell: Wereblood
  1109 | D:2      | Noticed Sigmund
  1131 | D:2      | You fall into a shaft and drop 1 floor!
  1132 | D:3      | Found a runed translucent door.
  1132 | D:3      | Noticed a3don's ghost (amateur NaIE)
  1135 | D:3      | Identified the +0 robe "Sosmeer" {rElec Int+4}
  1138 | D:3      | Reached skill level 1 in Short Blades
  1138 | D:3      | Reached XP level 3. HP: 26/29 MP: 4/6
  1404 | D:3      | Learned a level 2 spell: Ensorcelled Hibernation
  1490 | D:3      | Found a faded altar of an unknown god.
  1942 | D:4      | Noticed a phantom
  1942 | D:4      | Found Reblonn's Antique Armour Shop.
  1996 | D:2      | You fall into a shaft and drop 2 floors!
  2089 | D:3      | Reached XP level 4. HP: 8/36 MP: 5/7
  2445 | D:4      | Found a sparkling altar of Nemelex Xobeh.
  2550 | D:4      | Found a sand-covered staircase.
  2630 | Ossuary  | Entered an ossuary
  2760 | Ossuary  | Reached skill level 1 in Ice Magic
  2760 | Ossuary  | Reached XP level 5. HP: 29/42 MP: 6/8
  2791 | Ossuary  | Reached skill level 1 in Hexes
  2805 | Ossuary  | Reached XP level 6. HP: 20/50 MP: 10/10
  3447 | Ossuary  | Your scales start taking on a glossy black colour.
  3447 | Ossuary  | Reached XP level 7. HP: 43/57 MP: 8/11
  3447 | Ossuary  | Gained mutation: You are resistant to electric shocks.
                  | (rElec) [Black Draconian growth]
  3676 | D:4      | Found an ancient bone altar of Kikubaaqudgha.
  3680 | D:4      | Found a blossoming altar of Fedhas.
  4122 | D:5      | Entered Level 5 of the Dungeon
  4155 | D:5      | Noticed Grinder
  4193 | D:5      | Found a snail-covered altar of Cheibriados.
  4208 | D:5      | HP: 1/57 [centaur/arrow (11)]
  4519 | D:2      | Killed Sigmund
  4520 | D:2      | Reached XP level 8. HP: 57/66 MP: 10/13
  5614 | D:5      | Paralysed by Grinder for 5 turns
  5632 | D:5      | Paralysed by Grinder for 2 turns
  5644 | D:5      | Killed Grinder
  5645 | D:5      | Reached skill level 1 in Polearms
  5851 | D:5      | HP: 1/66 [orc warrior (10)]
  6375 | D:4      | Bought a runed cloak for 172 gold pieces
  6439 | D:5      | Found a shimmering blue altar of Sif Muna.
  6810 | D:5      | Learned a level 1 spell: Slow
  6814 | D:5      | Learned a level 3 spell: Confusing Touch
  8162 | D:6      | Reached XP level 9. HP: 73/73 MP: 15/15
  8186 | D:6      | Reached skill level 5 in Fighting
  8269 | D:6      | Noticed Duvessa
  8271 | D:6      | Noticed Dowan
  8275 | D:6      | Noticed Maggie
  8295 | D:6      | Killed Duvessa
  8296 | D:6      | Reached skill level 5 in Transmutations
  8296 | D:6      | Slain by Maggie

Illustrated notes

Levels and vault maps discovered:
D:1:      dpeg_arrival_erosion, layout_rooms
D:2:      layout_loops_ring, uniq_sigmund
D:3:      layout_loops_ring, basic_ecumenical_altar, gammafunk_ghost_grave
D:4:      layout_cave_pools, grunt_temple_overflow_growth_and_decay,
          mainiacjoe_overflow_surrounded_room,
          nicolae_ossuary_entry_false_entrances, serial_shops,
          nicolae_shop_stone, grunt_decor_fettered
D:5:      layout_loops_ring, kennysheep_slug_shrine, kennysheep_orc_sif_temple,
          cheibrodos_sewer_entry_bend, uniq_grinder
D:6:      layout_loops_ring, grunt_dithmenos_smoke_and_mirrors, uniq_maggie,
          uniq_crazy_yiuf_cottage, uniq_duvessa

Skill      XL: |  1  2  3  4  5  6  7  8  9 |
---------------+----------------------------+-----
Dodging        | 2 3 4 |  4.6
Short Blades   | 1 2 3 |  3.2
Fighting       | 2 3 4 5 |  5.1
Ice Magic      | 1 2 3 4 |  4.1
Hexes          | 1 2 3 |  3.8
Transmutations | 3 4 5 |  5.0
Spellcasting   | 3 4 |  4.7
Polearms       | 2 |  2.8
Unarmed Combat | |  3.0

Action                   |  1- 3 |  4- 6 |  7- 9 || total
-------------------------+-------+-------+-------++-------
Melee: Short sword       |   122 |   179 |   110 ||   411
       Kick              |    14 |    27 |    59 ||   100
       Headbutt          |     9 |    17 |    33 ||    59
       Tailslap          |    13 |    35 |    41 ||    89
       Unarmed           |     1 |       |       ||     1
       Punch             |     2 |     3 |     6 ||    11
       Trident           |       |       |   188 ||   188
 Fire: Hunting sling     |       |       |     3 ||     3
 Cast: Beastly Appendage |    29 |    12 |    37 ||    78
       Wereblood         |     2 |     4 |    16 ||    22
       Slow              |       |       |     2 ||     2
       Confusing Touch   |       |       |     1 ||     1
  Use: Scroll            |     2 |       |    12 ||    14
       Potion            |       |     2 |    15 ||    17
Armor: Skin              |    34 |    46 |   103 ||   183
Dodge: Dodged            |    94 |    83 |   182 ||   359

Table legend: (Time is in decaauts)
 A = Elapsed time spent in this place.
 B = Non-inter-level travel time spent in this place.
 C = Inter-level travel time spent in this place.
 D = Time resting spent in this place.
 E = Time spent auto-exploring this place.
 F = Levels seen in this place.
 G = Mean time per level.
                   A        B        C        D        E       F      G
               +--------+--------+--------+--------+--------+-----+--------+
         Total |   8368 |   8136 |    232 |   3124 |   2694 |   7 | 1195.4 |
       Dungeon |   7400 |   7168 |    232 |   2478 |   2694 |   6 | 1233.3 |
       Ossuary |    968 |    968 |      0 |    646 |      0 |   1 |  968.0 |
               +--------+--------+--------+--------+--------+-----+--------+

Top non-repeatable levels by time:
     D:5: 2016 daAuts
     D:4: 1659 daAuts
     D:3: 1166 daAuts
     D:1: 1062 daAuts
 Ossuary: 968 daAuts
     D:6: 822 daAuts
     D:2: 672 daAuts
